 Dungeon Crawl Stone Soup version 0.29.1-2-gbd0b4ee654 (webtiles) character file.

Game seed: 1042509823576941242

57 qeuew the Shield-Bearer (level 3, -4/36 HPs)
             Began as a Troll Fighter on Nov 4, 2022.
             Slain by Grinder (5 damage)
             ... while paralysed by Grinder
             ... on level 3 of the Dungeon.
             The game lasted 00:02:06 (1522 turns).

qeuew the Shield-Bearer (Troll Fighter)             Turns: 1522, Time: 00:02:07

Health: -4/36      AC:  4    Str: 26    XL:     3   Next: 73%
Magic:  2/2        EV:  1    Int:  4    God:
Gold:   191        SH:  0    Dex:  9    Spells: 2/2 levels left

rFire   . . .      SeeInvis .     - Unarmed
rCold   . . .      Faith    .   b - +1 kite shield
rNeg    . . .      Spirit   .   a - +0 robe
rPois   .          Reflect  .   (helmet restricted)
rElec   .          Harm     .   (no cloak)
rCorr   .          Rampage  .   (gloves unavailable)
Will    .....                   (boots unavailable)
Stlth   +.........              (no amulet)
HPRegen 0.92/turn               (no ring)
MPRegen 0.08/turn               (no ring)

@: paralysed
A: large, unfitting armour, claws 3, regeneration 1, shaggy fur 1, tough skin 1
a: no special abilities


You were on level 3 of the Dungeon.
You visited 1 branch of the dungeon, and saw 3 of its levels.

You collected 191 gold pieces.

Inventory:

Missiles
 h - 2 throwing nets (quivered)
Armour
 a - a +0 robe (worn)
 b - a +1 kite shield (worn)
Jewellery
 f - an amulet of faith
 g - a ring of protection from cold
 k - a +6 ring of strength
Wands
 m - a wand of digging (3)
Scrolls
 d - a scroll of noise {unknown}
 e - a scroll of identify
Potions
 c - 2 potions of might
 i - 2 potions of curing
 j - 4 potions of attraction
 l - 2 potions of flight {unknown}


   Skills:
 + Level 2.7 Fighting
 + Level 3.0 Dodging
 + Level 3.2 Shields
 + Level 2.3 Unarmed Combat


You had 2 spell levels left.
You didn't know any spells.
Your spell library contained the following spells:

 Spells                   Type           Power      Damage    Failure   Level
 Sublimation of Blood     Necr           0%         N/A       90%         2
 Wereblood                Tmut           0%         N/A       90%         2
 Dazzling Flash           Conj/Hex       0%         N/A       99%         3
 Iskenderun's Mystic Bla  Conj/Tloc      0%         2d3       100%        4
 Starburst                Conj/Fire      0%         6d3       100%        6
 Summon Hydra             Summ           0%         N/A       100%        7


Dungeon Overview and Level Annotations

Branches:
Dungeon (3/15)

Altars:
Fedhas
Qazlal

Annotations:
D:3 Grinder


Innate Abilities, Weirdness & Mutations

You are too large for most types of armour.
You have claws for hands.
Your natural rate of healing is unusually fast.
You are covered in fur. (AC +1)
You have tough skin. (AC +1)


Message History

There are monsters nearby!
Found 2 sedimented golden potions.
Grinder barely misses you.
There are monsters nearby!
You claw Grinder!
Grinder is heavily wounded.
The ball python bites you. Grinder hits you!
You block the ball python's attack.
There are monsters nearby!
You closely miss Grinder.
Grinder is heavily wounded.
Grinder barely misses you. You block the ball python's attack.
You barely miss Grinder.
Grinder is heavily wounded.
Grinder hits you! You block the ball python's attack. Grinder hits you!
You claw Grinder!
Grinder is severely wounded.
The ball python bites you but does no damage.
Grinder gestures at you. You resist with significant effort.
You block the ball python's attack.
You scratch Grinder but do no damage.
Grinder is severely wounded.
The ball python bites you but does no damage.
You block Grinder's attack.
You barely miss Grinder.
Grinder is severely wounded.
The ball python bites you. Grinder hits you.
You scratch Grinder.
Grinder is severely wounded.
The ball python bites you. Grinder gestures at you.
You suddenly lose the ability to move!
The ball python bites you but does no damage.
Grinder hits you but does no damage. The ball python bites you. x2
Grinder hits you.
* * * LOW HITPOINT WARNING * * *
You writhe in agony.
* * * LOW HITPOINT WARNING * * *
The ball python bites you but does no damage.
Grinder hits you.
You die...

##### #....## #......
#.....# #.....# #!..S5#
######## #@# ##§≈≈§≈§#
#.##.# ##§§.§§§≈§ #.##.#
#≈§§.§§..§ ######.##.#
#≈§§......
♣♣P.~~#.##.####§........
P..P~≈..##.##.#≈§.#.....
♣♣.♣♣........##.#§.....#..
♣P.P♣♣.P.....##.#≈≈.......
♣P
..P♣.♣.....##.##≈§§.....


You could see Grinder and a ball python.

Vanquished Creatures
  An adder (D:3)
  A worm (D:2)
  A dart slug (D:1)
  3 ball pythons
  2 endoplasms (D:1)
  2 giant cockroaches
  3 goblins
  7 hobgoblins
  4 jackals (D:1)
  5 kobolds
  2 quokkas (D:1)
  4 bats (D:1)
  3 frilled lizards
  A rat (D:1)
39 creatures vanquished.

Notes
Turn   | Place    | Note
-------+----------+-------------------------------------------
     0 | D:1      | qeuew the Troll Fighter began the quest for the Orb.
     0 | D:1      | Reached XP level 1. HP: 22/22 MP: 0/0
   170 | D:1      | Found a faded altar of an unknown god.
   177 | D:1      | Reached XP level 2. HP: 28/29 MP: 1/1
   391 | D:1      | Reached XP level 3. HP: 36/36 MP: 2/2
  1233 | D:3      | Found a blossoming altar of Fedhas.
  1325 | D:3      | Found a stormy altar of Qazlal.
  1509 | D:3      | Noticed Grinder
  1519 | D:3      | Paralysed by Grinder for 5 turns
  1521 | D:3      | HP: 1/36 [Grinder (5)]
  1522 | D:3      | Slain by Grinder

Illustrated notes

Levels and vault maps discovered:
D:1:      psy_arrival_basics, layout_basic,
          hellmonk_ecumenical_altar_arch_garden
D:2:      layout_rooms
D:3:      layout_basic, nicolae_qazlal_general_emergency, vehumet_statue,
          marbit_many_paths, nicolae_elyvilon_peaceful_grove,
          amcnicky_altar_gilded, kennysheep_potato, uniq_grinder

Skill      XL: |  1  2  3 |
---------------+----------+-----
Shields        | 3 |  3.2
Dodging        | 3 |  3.0
Fighting       | |  2.7
Unarmed Combat | |  2.3

Action                   || total
-------------------------++-------
Melee: Unarmed           ||   129
  Use: Scroll            ||     6
       Potion            ||     2
 Stab: Sleeping          ||     1
Armor: Robe              ||    68
Dodge: Dodged            ||    55
Block: Kite shield       ||    73
